 Dungeon Crawl Stone Soup version 0.30-a0-585-g93115170b9 (webtiles) character file.

Game seed: 16269145796999006841

9086 cforsyth the Grappler (level 11, -13/101 HPs)
             Began as a Ghoul Monk on Jan 3, 2023.
             Was an Elder of Okawaru.
             Mangled by a sun demon (19 damage)
             ... on level 9 of the Dungeon.
             The game lasted 00:23:09 (10237 turns).

cforsyth the Grappler (Ghoul Monk)                 Turns: 10237, Time: 00:23:09

Health: -13/101    AC: 16    Str: 20    XL:     11   Next: 41%
Magic:  8/10       EV:  9    Int:  5    God:    Okawaru [****..]
Gold:   740        SH:  0    Dex: 11    Spells: 10/10 levels left

rFire   . . .      SeeInvis .      - Unarmed
rCold   + . .      Faith    .    (no shield)
rNeg    + + +      Spirit   .    m - +0 plate armour
rPois   ∞          Reflect  .    p - +0 helmet
rElec   .          Harm     .    i - +0 cloak
rCorr   .          Rampage  .    (no gloves)
Will    .....                    w - +0 pair of boots Stlth
                                 (no amulet)
HPRegen 0.00/turn                (no ring)
MPRegen 0.12/turn                (no ring)

@: heroic, corroded, inhibited regen
A: claws 1, cold resistance 1, negative energy resistance 3, inhibited
regeneration, torment resistance 2, devour on kill
a: Renounce Religion, Heroism, Finesse


You were on level 9 of the Dungeon.
You worshipped Okawaru.
Okawaru was greatly pleased with you.
You visited 2 branches of the dungeon, and saw 10 of its levels.

You collected 740 gold pieces.

Inventory:

Hand Weapons
 o - a +1 heavy hand crossbow
Missiles
 h - a throwing net (quivered)
Armour
 d - a +0 kite shield
 i - a +0 cloak (worn)
 m - a +0 plate armour (worn)
 p - a +0 helmet (worn)
 w - a +0 pair of boots (worn)
Jewellery
 k - a +4 ring of slaying
 n - a +4 ring of protection
 z - an amulet of magic regeneration
 D - a +6 ring of intelligence
Wands
 c - a wand of digging (13)
 A - a wand of flame (16)
 B - a wand of mindburst (11)
Scrolls
 g - 4 scrolls of teleportation
 l - a scroll of poison {unknown}
 q - 2 scrolls of vulnerability {unknown}
 r - a scroll of summoning {unknown}
 t - a scroll of fog {unknown}
 x - 2 scrolls of magic mapping {unknown}
 y - a scroll of acquirement {unknown}
 E - 2 scrolls of brand weapon {unknown}
 F - a scroll of enchant weapon {unknown}
 H - 2 scrolls of identify
 I - a scroll of immolation {unknown}
 J - a scroll of torment {unknown}
Potions
 a - 3 potions of brilliance
 b - 5 potions of curing
 e - a potion of might
 f - 2 potions of attraction
 j - a potion of flight {unknown}
 s - a potion of lignification {unknown}
 u - a potion of heal wounds
 v - 2 potions of haste
 C - a potion of ambrosia
 G - a potion of cancellation


   Skills:
 + Level 10.4(15.4) Fighting
 + Level 7.5(12.5) Armour
 - Level 2.6(7.6) Dodging
 - Level 2.1(7.1) Stealth
 + Level 6.1(11.1) Shields
 + Level 12.0(17.0) Unarmed Combat
 + Level 0.5 Invocations


You had 10 spell levels left.
You didn't know any spells.
Your spell library contained the following spells:

 Spells                   Type           Power      Damage    Failure   Level
 Kiss of Death            Conj/Necr      0%         2d5       100%        1
 Shock                    Conj/Air       0%         1d3       100%        1
 Sting                    Tmut/Pois      0%         1d3       100%        1
 Cigotuvi's Dreadful Rot  Necr/Pois/Air  0%         N/A       100%        2
 Poisonous Vapours        Pois/Air       0%         N/A       100%        2
 Confusing Touch          Hex            0%         N/A       100%        3
 Ignite Poison            Fire/Tmut/Pois 0%         N/A       100%        3
 Kindle Blastsparks       Fire/Tloc/Air  0%         2d10      100%        3
 Mephitic Cloud           Conj/Pois/Air  0%         N/A       100%        3
 Portal Projectile        Hex/Tloc       0%         N/A       100%        3
 Swiftness                Air            0%         N/A       100%        3
 Airstrike                Air            0%         2d(0-16)  100%        4
 Dispel Undead            Necr           0%         3d6       100%        4
 Leda's Liquefaction      Hex/Erth       0%         N/A       100%        4
 Olgreb's Toxic Radiance  Pois           0%         N/A       100%        4
 Freezing Cloud           Conj/Ice/Air   0%         6-21      100%        5
 Call Canine Familiar     Summ           Unusable   N/A       N/A         3

Dungeon Overview and Level Annotations

Branches:
Dungeon (9/15)             Temple (1/1) D:5
   Lair: D:8-11         Orc: D:9-12

Altars:
Ashenzari
Dithmenos
Fedhas
Gozag
Hepliaklqana
Kikubaaqudgha
Makhleb
Nemelex Xobeh
Okawaru
Qazlal
Ru
Sif Muna
Vehumet
Wu Jian
Xom

Shops:
D:2 ([*(   D:6 [

Annotations:
D:3 Blork the orc
D:5 2 transporters, Esekla's ghost, weakling OpDe


Innate Abilities, Weirdness & Mutations

You are immune to poison.
You have sharp fingernails.
Your flesh is cold resistant. (rC+)
You are immune to negative energy. (rN+++)
You do not regenerate when monsters are visible.
You are immune to unholy pain and torment.
You thrive by killing the living.


Message History

No target in view!
No target in view!
A rust devil and a sun demon come into view.
There are monsters nearby!
There are monsters nearby!
There are monsters nearby!
Unknown command.
You barely miss the sun demon. Your claw misses the sun demon.
The sun demon barely misses you.
You claw the sun demon!
The sun demon is lightly wounded.
The sun demon hits you.
You are engulfed in flames!
You closely miss the sun demon. You claw the sun demon.
The sun demon is moderately wounded.
The sun demon hits you.
You are engulfed in flames!
You claw the sun demon!
The sun demon is moderately wounded.
The sun demon barely misses you.
You scratch the sun demon.
The sun demon is heavily wounded.
You scratch the sun demon but do no damage.
The sun demon is heavily wounded.
The sun demon completely misses you.
You closely miss the sun demon.
The sun demon is heavily wounded.
The sun demon hits you but does no damage.
You gain the combat prowess of a mighty hero.
You can no longer enter into single combat with a foe.
Okawaru will no longer gift you equipment.
The sun demon hits you!
You are engulfed in flames!
The sun demon hits you!!
* * * LOW HITPOINT WARNING * * *
You are engulfed in flames!
* * * LOW HITPOINT WARNING * * *
The rust devil hits you. The rust devil corrodes you!
You scratch the sun demon but do no damage.
The sun demon is heavily wounded.
You scratch the sun demon.
The sun demon is heavily wounded.
The sun demon hits you!!
You die...

#...........##................
##..........##....###..........
##..........##....###..........
...............................
.................................
.................................
##......######............###.4.3
..#.....# #.43#####....# ...#
..###...# #..@# #....# ...#
..#..#..# #...# #..3.# ...#
##...#..# #...# #....###...#
.....#..######...# #....4.....#
..###...........................#
.#...#...........................
##...#..........§........#####...
.#...#...........§§###...# ...
..###........... ≈. #...# ..#


You could see a sun demon and a rust devil.

Vanquished Creatures
  Erolcha (D:9)
  A soul eater (D:9)
  A sixfirhy (D:8)
  Pikel (D:4)
  A kobold demonologist (D:8)
  Psyche (D:8)
  3 ice devils
  A red devil (D:9)
  A troll (D:8)
  Sigmund (D:5)
  A wraith (D:7)
  3 yaks (D:8)
  Edmund (D:6)
  4 water moccasins
  A sky beast (D:7)
  3 ice beasts
  4 black bears
  A phantom (D:4)
  4 centaurs
  2 kobold brigands
  5 bullfrogs
  A necrophage (D:5)
  4 scorpions
  A gnoll sergeant (D:9)
  8 wights
  10 killer bees
  6 howler monkeys
  2 quasits (D:8)
  3 jellies
  8 orc priests
  3 hounds
  Crazy Yiuf (D:7)
  3 iguanas
  6 orc wizards
  17 gnolls
  3 adders
  A white imp (D:8)
  An ufetubus (D:3)
  4 worms
  2 dart slugs
  47 orcs
  2 bats
  6 endoplasms
  2 giant cockroaches
  11 goblins
  12 hobgoblins
  10 kobolds
  5 quokkas
  3 ball pythons
  A frilled lizard (D:1)
  3 rats
227 creatures vanquished.

Vanquished Creatures (others)
  3 demonic plants (D:9)
  4 fungi (D:6)
  6 plants (D:5)
  4 toadstools (D:6)
17 creatures vanquished.

Grand Total: 244 creatures vanquished

Notes
Turn   | Place    | Note
-------+----------+-------------------------------------------
     0 | D:1      | cforsyth the Ghoul Monk began the quest for the Orb.
     0 | D:1      | Reached XP level 1. HP: 19/19 MP: 0/0
   169 | D:1      | Reached XP level 2. HP: 17/26 MP: 1/1
   835 | D:1      | Found a faded altar of an unknown god.
  1104 | D:2      | Reached skill level 4 in Unarmed Combat
  1104 | D:2      | Reached XP level 3. HP: 33/33 MP: 2/2
  1110 | D:2      | Found Xulop's Armour Shoppe.
  1225 | D:2      | Found Yrecege's General Store.
  1267 | D:2      | Noticed a scorpion
  1281 | D:2      | Killed a scorpion
  1282 | D:2      | Reached XP level 4. HP: 33/41 MP: 3/3
  1332 | D:2      | Reached skill level 5 in Unarmed Combat
  1332 | D:2      | Reached XP level 5. HP: 34/47 MP: 4/4
  1461 | D:2      | Found Ninaam's Antique Weapon Shoppe.
  1624 | D:2      | Found Puzoufod's Antique Weapon Shop.
  2109 | D:3      | Found a blossoming altar of Fedhas.
  2152 | D:3      | Reached skill level 5 in Fighting
  2152 | D:3      | Reached XP level 6. HP: 56/56 MP: 5/5
  2181 | D:3      | Reached skill level 6 in Unarmed Combat
  2915 | D:3      | Reached skill level 1 in Armour
  3075 | D:4      | Noticed Blork the orc
  3408 | D:4      | Noticed a green death
  3436 | D:4      | Found a burning altar of Makhleb.
  3439 | D:4      | Noticed an angel
  3502 | D:4      | You fall into a shaft and drop 3 floors!
  3505 | D:7      | Noticed a black bear
  3518 | D:7      | Killed a black bear
  3519 | D:7      | Reached XP level 7. HP: 37/61 MP: 6/6
  3636 | D:7      | Reached skill level 7 in Unarmed Combat
  3928 | D:7      | Noticed a wraith
  3947 | D:7      | Killed a wraith
  4092 | D:6      | Noticed Edmund
  4100 | D:6      | Reached XP level 8. HP: 49/70 MP: 7/7
  4241 | D:6      | Reached skill level 8 in Unarmed Combat
  4347 | D:5      | Entered Level 5 of the Dungeon
  4681 | D:4      | Noticed Pikel
  4702 | D:4      | Killed Pikel
  4703 | D:4      | Reached skill level 9 in Unarmed Combat
  5116 | D:4      | Reached XP level 9. HP: 73/79 MP: 8/8
  5194 | D:5      | Found a staircase to the Ecumenical Temple.
  5220 | Temple   | Entered the Ecumenical Temple
  5247 | Temple   | Became a worshipper of Warmaster Okawaru
  5247 | Temple   | Reached * piety under Okawaru
  5247 | Temple   | Reached ** piety under Okawaru
  5291 | D:5      | Noticed Sigmund
  5305 | D:5      | Killed Sigmund
  5306 | D:5      | Reached skill level 1 in Shields
  5306 | D:5      | Found an opulent altar of Gozag.
  5457 | D:5      | Found a transporter.
  5457 | D:5      | Found a transporter.
  5471 | D:5      | Identified the +4 scale mail of the Unseen Realm {rC+ Will+
                  | Str+4}
  5479 | D:5      | Noticed Esekla's ghost (weakling OpDe)
  6078 | D:6      | Found Loaq's Antique Armour Boutique.
  6130 | D:6      | Killed Edmund
  6131 | D:6      | Reached skill level 10 in Unarmed Combat
  6805 | D:7      | Reached skill level 5 in Armour
  6994 | D:7      | Found a runed translucent door.
  6995 | D:7      | Noticed Crazy Yiuf
  7033 | D:7      | Reached *** piety under Okawaru
  7234 | D:7      | Reached XP level 10. HP: 46/90 MP: 9/9
  7537 | D:7      | Found a hazy altar of Hepliaklqana.
  7703 | D:7      | Killed Crazy Yiuf
  8001 | D:8      | Reached **** piety under Okawaru
  8024 | D:8      | Reached skill level 11 in Unarmed Combat
  8035 | D:8      | Noticed a kobold demonologist
  8043 | D:8      | Killed a kobold demonologist
  8529 | D:9      | Noticed a smoke demon
  8530 | D:9      | Noticed Psyche
  8798 | D:9      | Noticed Erolcha
  8811 | D:8      | Reached ***** piety under Okawaru
  8841 | D:8      | Reached skill level 5 in Shields
  9037 | D:9      | Killed Erolcha
  9038 | D:9      | Reached XP level 11. HP: 36/99 MP: 7/10
  9046 | D:9      | Received a gift from Okawaru
  9048 | D:9      | Noticed a soul eater
  9301 | D:8      | Killed Psyche
  9302 | D:8      | Reached skill level 10 in Fighting
  9330 | D:9      | Killed a soul eater
  9368 | D:9      | Noticed a sixfirhy
  9376 | D:8      | Killed a sixfirhy
  9477 | D:9      | Reached skill level 12 in Unarmed Combat
 10213 | D:9      | Noticed a sun demon
 10237 | D:9      | Mangled by a sun demon

Illustrated notes

Levels and vault maps discovered:
D:1:      giann_bridges, layout_loops_corners, serial_forest,
          infiniplex_forest_straight_5, infiniplex_forest_end_3,
          infiniplex_forest_lined_2, infiniplex_forest_lined_2,
          infiniplex_forest_lined_ring, infiniplex_forest_clump_diagonal,
          infiniplex_forest_straight_4, infiniplex_forest_straight_2,
          dreamdust_ecumenical_altar_angels_and_demons
D:2:      layout_rooms, serial_shops, nicolae_shop_advertising_works
          [nicolae_subvault_shop_adworks], shop, nicolae_shop_crystal,
          nicolae_shop_hallway_stairs
D:3:      layout_basic, mainiacjoe_overflow_paths, grunt_ministairs_3
D:4:      layout_basic, grunt_temple_overflow_order_and_chaos_2, hex_large,
          uniq_pikel, uniq_blork_the_orc
D:5:      layout_cave_pools, nicolae_gozag_seed_capital,
          minmay_temple_entry_glass, gammafunk_ghost_gnarly_gnolls, uniq_sigmund
D:6:      layout_loops_ring, serial_shops, nicolae_shop_stone,
          cheibrodos_sewer_entry_bend, minmay_gold_behind_fungi,
          glass_columns_a, uniq_edmund
D:7:      minmay_thinvault, layout_rooms, nicolae_hepliaklqana_hippocampus,
          chequers_serial_rivers_large_b, uniq_crazy_yiuf_cottage
D:8:      layout_rooms
D:9:      layout_small_grid, serial_demonic, serial_demonic_e, serial_demonic_e,
          serial_demonic_d, serial_demonic_g, serial_demonic_a,
          serial_demonic_f, serial_demonic_c, enter_bailey_3, nicolae_titane,
          uniq_psyche, uniq_erolcha
Temple:   nicolae_temple_ecumenical_triangle

Skill      XL: |  1  2  3  4  5  6  7  8  9 10 11 |
---------------+----------------------------------+-----
Unarmed Combat | 4 5 6 7 9 10 11 12 | 12.0
Fighting       | 4 5 6 7 8 9 10 | 10.4
Armour         | 1 2 4 5 7 |  7.5
Shields        | 3 5 6 |  6.1
Dodging        | |  2.6
Stealth        | |  2.1
Invocations    | |  0.5

Action                   |  1- 3 |  4- 6 |  7- 9 | 10-12 || total
-------------------------+-------+-------+-------+-------++-------
Melee: Unarmed           |    73 |   203 |   298 |   292 ||   866
       Punch             |     5 |     6 |    11 |    12 ||    34
Invok: Heroism           |       |       |       |     7 ||     7
Evoke: Wand              |       |       |       |     2 ||     2
  Use: Potion            |       |     2 |     1 |     1 ||     4
       Scroll            |       |     1 |     3 |     8 ||    12
 Stab: Sleeping          |     5 |       |       |       ||     5
Armor: Robe              |     6 |    14 |       |       ||    20
       Scale mail        |       |    68 |    56 |       ||   124
       Plate armour      |       |       |    92 |   237 ||   329
Dodge: Dodged            |    37 |   172 |   105 |   152 ||   466

Table legend: (Time is in decaauts)
 A = Elapsed time spent in this place.
 B = Non-inter-level travel time spent in this place.
 C = Inter-level travel time spent in this place.
 D = Time resting spent in this place.
 E = Time spent auto-exploring this place.
 F = Levels seen in this place.
 G = Mean time per level.
                   A        B        C        D        E       F      G
               +--------+--------+--------+--------+--------+-----+--------+
         Total |  10174 |   9851 |    323 |   2126 |   5579 |  10 | 1017.4 |
       Dungeon |  10129 |   9823 |    306 |   2126 |   5562 |   9 | 1125.4 |
        Temple |     44 |     27 |     17 |      0 |     17 |   1 |   44.0 |
               +--------+--------+--------+--------+--------+-----+--------+

Top non-repeatable levels by time:
     D:7: 1831 daAuts
     D:3: 1377 daAuts
     D:8: 1349 daAuts
     D:1: 1094 daAuts
     D:6: 1046 daAuts
     D:9: 989 daAuts
     D:4: 919 daAuts
     D:5: 896 daAuts
     D:2: 624 daAuts
  Temple: 44 daAuts
